 Dungeon Crawl Stone Soup version 0.30.1-11-g7821555f0a (webtiles) character file.

Game seed: 17219097709146839490

7361 pzyfr the Bludgeoner (level 10, -1/70 HPs)
             Began as a Minotaur Berserker on Dec 9, 2023.
             Was an Elder of Trog.
             Slain by a yak (8 damage)
             ... on level 1 of the Lair of Beasts.
             The game lasted 00:42:29 (11042 turns).

pzyfr the Bludgeoner (Minotaur Berserker)          Turns: 11042, Time: 00:42:29

Health: -1/70      AC:  9    Str: 26    XL:     10   Next: 91%
Magic:  10/10      EV: 17    Int:  4    God:    Trog [****..]
Gold:   489        SH:  5    Dex: 10    Spells: 9/9 levels left

rFire   . . .        n - +8 whip of Wounding {freeze, rC+}
rCold   + . .        (no shield)
rNeg    . . .        p - +3 leather armour {rPois}
rPois   +            (helmet restricted)
rElec   .            (no cloak)
rCorr   .            (no gloves)
SInv    .            v - +2 pair of boots
Will    .....        k - amulet of reflection
Stlth   +            d - ring of poison resistance
HPRegen 0.31/turn    c - +5 ring of evasion
MPRegen 0.12/turn

%: reflection
@: on berserk cooldown, slowed, very slow
A: horns 2, retaliatory headbutt, frail 1, high MP 1, passive freeze
a: Renounce Religion, Berserk, Trog's Hand, Brothers in Arms


You were on level 1 of the Lair of Beasts.
You worshipped Trog.
Trog was greatly pleased with you.
You visited 2 branches of the dungeon, and saw 10 of its levels.
You also visited: Ossuary.

You collected 489 gold pieces.

Inventory:

Hand Weapons
 a - a +1 hand axe
 n - the +8 whip of Wounding (weapon) {freeze, rC+}
   (You found it on level 2 of the Dungeon)

   rC:        It protects you from cold.
Armour
 i - a +0 chain mail
 p - a +3 leather armour of poison resistance (worn)
 q - a +0 ring mail
 v - a +2 pair of boots (worn)
Jewellery
 b - a +6 ring of intelligence
 c - a +5 ring of evasion (right hand)
 d - a ring of poison resistance (left hand)
 k - an amulet of reflection (around neck)
 m - a ring of willpower
Wands
 o - a wand of flame (55)
 s - a wand of acid (11)
 t - a wand of digging (4)
 u - a wand of polymorph (17)
 y - a wand of iceblast (5)
Scrolls
 g - 6 scrolls of teleportation
 h - 8 scrolls of identify
 j - a scroll of silence
 w - a scroll of enchant armour
 z - a scroll of blinking
Potions
 e - 2 potions of attraction
 f - a potion of resistance
 l - 6 potions of curing
 r - 2 potions of heal wounds
 x - a potion of berserk rage


   Skills:
 - Level 4.0 Fighting
 - Level 4.2(13.1) Axes
 + Level 18.9(19.1) Maces & Flails
 - Level 3.0 Armour
 - Level 2.6 Dodging


You had 9 spell levels left.
You didn't know any spells.
Your spell library was empty.

Dungeon Overview and Level Annotations

Branches:
Dungeon (9/15)             Temple (0/1) D:5            Lair (1/5) D:9
Ossuary (visited)
    Orc: D:9-12

Altars:
Cheibriados
Dithmenos
Fedhas
Gozag
Hepliaklqana
Makhleb
Sif Muna
Trog
Vehumet
Yredelemnul

Annotations:
D:6 exclusion: statue


Innate Abilities, Weirdness & Mutations

You have a pair of horns on your head.
You reflexively headbutt those who attack you in melee.
You are frail. (-10% HP)
You have an increased reservoir of magic. (+10% MP)
A frigid envelope surrounds you and freezes all who hurt you.


Message History

The yak is heavily wounded.
You hit the yak. You freeze the yak. You headbutt the yak.
The yak is severely wounded.
The yak attacks as you move away! The yak closely misses you.
You furiously retaliate!
You headbutt the yak, but do no damage.
A wolf comes into view.
The wolf howls!
The yak gores you.
* * * LOW HITPOINT WARNING * * *
The yak is very cold.
The yak is heavily wounded.
You see here a yak corpse.
You hit the yak. You freeze the yak.
The yak is severely wounded.
The yak gores you.
* * * LOW HITPOINT WARNING * * *
The yak is very cold.
The yak is almost dead.
The polar bear misses you.
The polar bear claws you but does no damage.
The polar bear resists.
The polar bear is very cold.
The polar bear is lightly wounded.
The polar bear barely misses you.
You whack the yak! You freeze the yak.
You kill the yak!
Trog accepts your kill. The polar bear closely misses you.
The polar bear misses you.
The polar bear claws you but does no damage.
You whack the yak! You freeze the yak. You headbutt the yak.
You kill the yak!
Trog accepts your kill. You block the wolf's attack.
The wolf closely misses you. You furiously retaliate!
You headbutt the wolf! The yak closely misses you.
The wolf bites you but does no damage.
The wolf is very cold.
The wolf is severely wounded.
The yak gores you but does no damage.
The yak is very cold.
The yak is moderately wounded.
The yak gores you!
You die...

#........
#.#...#..
#.#......
..#......
#........
##.h.#...#
#.hY..Y...
#h#.h...
#@#.#.#..
#YYY..#.#
##Y#Y#...#
#.Y....#.#.
##.†...#...
#.#...#.#
#.......#
#.#.....#
##.......#


You could see a polar bear, 7 yaks and 2 wolves.

Vanquished Creatures
  2 unseen horror zombies (D:9)
  Prince Ribbit (D:5)
  2 hornets
  10 yaks
  A wyvern (D:9)
  A vampire (D:8)
  2 basilisks (Lair:1)
  A steam dragon (D:8)
  An acid dragon (D:8)
  6 water moccasins
  2 sky beasts
  2 ice beasts
  A black bear (D:4)
  6 wolves (Lair:1)
  2 centaurs (D:9)
  2 kobold brigands (D:7)
  An elf zombie (Ossuary)
  A gnoll sergeant (D:9)
  5 bullfrogs
  2 scorpions
  6 wights
  A howler monkey (D:6)
  A human zombie (Ossuary)
  7 centaur zombies (D:9)
  3 hounds (D:5)
  3 jellies
  4 orc priests
  A sleepcap (D:7)
  4 iguanas
  9 orc wizards
  2 hound zombies (Ossuary)
  3 mummies (Ossuary)
  7 gnolls
  7 adders
  A shadow imp (D:8)
  2 white imps
  An ufetubus (D:4)
  4 adder zombies (Ossuary)
  5 worms
  17 orcs
  5 ball pythons
  7 endoplasms
  A giant cockroach (D:2)
  2 gnoll zombies (Ossuary)
  7 goblins
  8 hobgoblins
  2 jackals (D:3)
  10 kobolds
  2 quokkas (D:1)
  6 bats
  2 frilled lizards
  3 goblin zombies (Ossuary)
  6 hobgoblin zombies (Ossuary)
  A jackal zombie (Ossuary)
  2 kobold zombies (Ossuary)
  4 orc zombies (Ossuary)
  2 quokka zombies (Ossuary)
  3 rats (D:3)
  2 rat zombies (Ossuary)
  A spectral kobold (D:3)
215 creatures vanquished.

Notes
Turn   | Place    | Note
-------+----------+-------------------------------------------
     0 | D:1      | pzyfr the Minotaur Berserker began the quest for the Orb.
     0 | D:1      | Reached XP level 1. HP: 19/19 MP: 0/0
   215 | D:1      | Found a faded altar of an unknown god.
   215 | D:1      | You fall into a shaft and drop 1 floor!
   588 | D:2      | Reached XP level 2. HP: 27/27 MP: 1/1
  1056 | D:2      | Reached XP level 3. HP: 33/33 MP: 2/2
  1216 | D:2      | Identified the +8 whip of Wounding {freeze, rC+}
  1315 | D:1      | Reached skill level 1 in Maces & Flails
  1379 | D:1      | Reached ** piety under Trog
  1978 | D:3      | Found a snail-covered altar of Cheibriados.
  2065 | D:3      | Reached skill level 2 in Maces & Flails
  2193 | D:3      | Reached XP level 4. HP: 40/40 MP: 3/3
  2246 | D:3      | Found a blossoming altar of Fedhas.
  2498 | D:3      | Noticed a scorpion
  2505 | D:3      | Killed a scorpion
  2506 | D:3      | Reached skill level 4 in Maces & Flails
  2846 | D:3      | Found a hazy altar of Hepliaklqana.
  3095 | D:4      | Reached XP level 5. HP: 46/46 MP: 4/4
  3184 | D:4      | Reached skill level 5 in Maces & Flails
  3502 | D:4      | Reached skill level 6 in Maces & Flails
  3502 | D:4      | Reached XP level 6. HP: 46/52 MP: 5/5
  3560 | D:4      | Found a sand-covered staircase.
  3579 | Ossuary  | Entered an ossuary
  3675 | Ossuary  | Reached *** piety under Trog
  3965 | Ossuary  | Reached skill level 7 in Maces & Flails
  4087 | D:4      | Reached skill level 8 in Maces & Flails
  4087 | D:4      | Reached XP level 7. HP: 56/59 MP: 6/6
  4519 | D:5      | Entered Level 5 of the Dungeon
  4661 | D:5      | Reached skill level 9 in Maces & Flails
  4701 | D:5      | Found a staircase to the Ecumenical Temple.
  4984 | D:5      | Found an opulent altar of Gozag.
  5020 | D:5      | Found a burning altar of Makhleb.
  5533 | D:5      | Reached skill level 10 in Maces & Flails
  5762 | D:5      | Gained mutation: A frigid envelope surrounds you and
                  | freezes all who hurt you. [potion of mutation]
  5762 | D:5      | Gained mutation: You are frail. (-10% HP) [potion of
                  | mutation]
  5762 | D:5      | Gained mutation: You have an increased reservoir of magic.
                  | (+10% MP) [potion of mutation]
  6051 | D:6      | Noticed Prince Ribbit
  6079 | D:5      | Killed Prince Ribbit
  6080 | D:5      | Reached XP level 8. HP: 59/59 MP: 7/7
  6118 | D:6      | Found a radiant altar of Vehumet.
  6125 | D:6      | Found a bloodstained altar of Trog.
  6316 | D:6      | Reached skill level 11 in Maces & Flails
  6745 | D:7      | Reached skill level 12 in Maces & Flails
  6791 | D:7      | Reached **** piety under Trog
  6995 | D:7      | Reached skill level 13 in Maces & Flails
  7084 | D:7      | Noticed a hornet
  7087 | D:7      | Killed a hornet
  7088 | D:7      | Reached XP level 9. HP: 19/63 MP: 8/8
  7623 | D:7      | Found a shadowy altar of Dithmenos.
  7956 | D:8      | Reached skill level 14 in Maces & Flails
  8285 | D:8      | Reached skill level 15 in Maces & Flails
  8316 | D:8      | Found a shimmering blue altar of Sif Muna.
  9046 | D:8      | Reached skill level 16 in Maces & Flails
  9074 | D:8      | Reached XP level 10. HP: 60/70 MP: 10/10
  9222 | D:9      | Found a staircase to the Lair.
 10044 | D:9      | Reached skill level 17 in Maces & Flails
 10048 | D:9      | Found a basalt altar of Yredelemnul.
 10775 | Lair:1   | Entered Level 1 of the Lair of Beasts
 10937 | Lair:1   | Reached skill level 18 in Maces & Flails
 11042 | Lair:1   | Slain by a yak

Illustrated notes

Levels and vault maps discovered:
D:1:      dpeg_arrival_snail, layout_rooms,
          shapermc_ecumenical_altar_totnotflames
D:2:      layout_loops_corners
D:3:      layout_loops_corners, nicolae_hepliaklqana_monster_ancestors,
          mainiacjoe_overflow_catch_the_wave
D:4:      layout_cave_pools, nicolae_ossuary_entry_plus, roderic_lattice_a
D:5:      nicolae_cairo_tiling_large, layout_gridville, old_standard_altar,
          lemuel_doored_altar, minmay_temple_entry_tees
D:6:      layout_cave_pools, vehumet_statue,
          mainiacjoe_overflow_concentric_impassable, uniq_prince_ribbit1
D:7:      layout_loops_ring, mainiacjoe_overflow_brackets,
          kennysheep_generic_room_13
D:8:      cheibrodos_helix_gallery, layout_loops_cross,
          nicolae_sif_muna_condensation, serial_rivers,
          chequers_serial_rivers_micro_e, chequers_serial_rivers_room_b,
          chequers_serial_rivers_micro_e, chequers_serial_rivers_small_a,
          chequers_serial_rivers_micro_e, chequers_serial_rivers_micro_e,
          grunt_ministairs_5
D:9:      layout_small_grid, nicolae_yredelemnul_corpse_copse, lair_entry_dummy,
          disabler_island
Lair:1:   layout_long_grid

Skill      XL: |  1  2  3  4  5  6  7  8  9 10 |
---------------+-------------------------------+-----
Fighting       | 4 |  4.0
Axes           | 4 |  4.2
Armour         | 3 |  3.0
Maces & Flails | 2 4 6 8 10 13 16 18 | 18.9
Dodging        | |  2.6

Action                     |  1- 3 |  4- 6 |  7- 9 | 10-12 || total
---------------------------+-------+-------+-------+-------++-------
  Melee: Hand axe          |    37 |       |       |       ||    37
         Headbutt          |     9 |    29 |    33 |    28 ||    99
         Whip              |    35 |   139 |   201 |   115 ||   490
         Punch             |     1 |     3 |     4 |     1 ||     9
 Invoke: Berserk           |       |     1 |     2 |     2 ||     5
    Use: Scroll            |     7 |       |     7 |       ||    14
         Potion            |     3 |       |     5 |       ||     8
   Stab: Sleeping          |       |       |     1 |       ||     1
 Armour: Leather armour    |    26 |    27 |    24 |    23 ||   100
  Dodge: Dodged            |    37 |    26 |    97 |    81 ||   241
  Block: Other             |     7 |    13 |    34 |    25 ||    79
         Reflection        |       |       |     2 |     3 ||     5
